 Dungeon Crawl Stone Soup version 0.24-a0-57-gac335f2 (webtiles) character file.

Game seed: 15919349493306224409

309 lemonriz the Chopper (level 6, -3/55 HPs)
             Began as a Hill Orc Fighter on Feb 4, 2019.
             Slain by an ogre
             ... wielding a +0 giant spiked club
              (22 damage)
             ... on level 3 of the Dungeon.
             The game lasted 00:04:32 (1698 turns).

lemonriz the Chopper (Hill Orc Fighter)             Turns: 1698, Time: 00:04:33

Health: -3/55      AC:  8    Str: 25    XL:     6   Next: 41%
Magic:  6/6        EV:  7    Int:  8    God:
Gold:   168        SH: 10    Dex: 11    Spells: 5/5 levels left

rFire    . . .     SeeInvis +   a - +0 war axe
rCold    . . .     Gourm    .   c - +0 shield
rNeg     . . .     Faith    .   b - +0 scale mail
rPois    .         Spirit   .   (no helmet)
rElec    .         Reflect  .   (no cloak)
rCorr    .         Harm     .   (no gloves)
MR       .....                  m - +0 pair of boots
Stlth    ..........             (no amulet)
HPRegen  0.18/turn              i - +5 ring of strength
MPRegen  0.10/turn              p - ring of see invisible

@: no status effects
A: no striking features
a: no special abilities


You were on level 3 of the Dungeon.
You were not hungry.

You visited 1 branch of the dungeon, and saw 3 of its levels.

You collected 168 gold pieces.

Inventory:

Hand Weapons
 a - a +0 war axe (weapon)
Armour
 b - a +0 scale mail (worn)
 c - a +0 shield (worn)
 m - a +0 pair of boots (worn)
Jewellery
 g - an uncursed ring of protection from magic
 i - a +5 ring of strength (left hand)
 p - a ring of see invisible (right hand)
Scrolls
 e - a scroll of identify
 h - 4 scrolls of remove curse
 q - a scroll of teleportation {unknown}
 s - a scroll of random uselessness {unknown}
Potions
 d - a potion of haste {unknown}
 j - a potion of magic
 k - a potion of curing
 l - a potion of heal wounds
 n - 2 potions of flight
 r - 2 potions of mutation {unknown}
Comestibles
 f - 7 rations
 o - 21 chunks of flesh


   Skills:
 + Level 4.9 Fighting
 * Level 5.8 Axes
 + Level 4.5 Armour
 + Level 4.5 Shields


You had 5 spell levels left.
You didn't know any spells.
Your spell library was empty.

Dungeon Overview and Level Annotations

Branches:
Dungeon (3/15)

Altars:
Sif Muna


Message History

You butcher the rat corpse.
o - 22 chunks of flesh (gained 1)
You see here a rat skeleton.
An ogre comes into view. It is wielding a +0 giant spiked club.
The ogre shouts!
An ogre is nearby!
Some of the chunks of flesh in your inventory have rotted away.
The ogre barely misses you.
You closely miss the ogre.
The ogre hits you with a +0 giant spiked club.
You slash the ogre!
The ogre is moderately wounded.
The ogre hits you with a +0 giant spiked club.
You hit the ogre.
The ogre is moderately wounded.
The ogre hits you with a +0 giant spiked club!!
You hit the ogre.
The ogre is heavily wounded.
The ogre hits you with a +0 giant spiked club!!
You die...

#..# #####.# #..# #..
#.....# #..# #.
#.##### #..# # #.#
#..# #.# #..## #.#
#... ..#.#
##.######....#.#
#...O@.......#.#
#..#######..##.#######
#..# ##.##........
#..# ##...##.......
#..# ##.....##.#####
#..# ###.......#.#
#..###....._.....#
#....÷)#......÷###
##.###.##.....##


You could see an ogre.

Vanquished Creatures
  Sigmund (D:2)
  Terence (D:3)
  2 adders
  2 worms (D:2)
  4 leopard geckos
  11 orcs (D:3)
  10 bats
  12 goblins
  11 hobgoblins
  7 frilled lizards
  9 kobolds
  5 rats
75 creatures vanquished.

Notes
Turn   | Place    | Note
-------+----------+-------------------------------------------
     0 | D:1      | lemonriz the Hill Orc Fighter began the quest for the Orb.
     0 | D:1      | Reached XP level 1. HP: 19/19 MP: 1/1
    43 | D:1      | Reached skill level 3 in Axes
    53 | D:1      | Reached XP level 2. HP: 16/27 MP: 2/2
   379 | D:1      | Reached XP level 3. HP: 22/33 MP: 3/3
   899 | D:2      | Found a faded altar of an unknown god.
   916 | D:2      | Reached skill level 4 in Axes
   920 | D:2      | Reached XP level 4. HP: 34/40 MP: 4/4
  1102 | D:2      | Noticed Sigmund
  1131 | D:2      | Killed Sigmund
  1131 | D:2      | Reached skill level 5 in Axes
  1131 | D:2      | Reached XP level 5. HP: 21/47 MP: 5/5
  1131 | D:2      | Reached XP level 6. HP: 25/55 MP: 6/6
  1546 | D:3      | Noticed Terence
  1553 | D:3      | Killed Terence
  1650 | D:3      | Found a deep blue altar of Sif Muna.
  1698 | D:3      | Slain by an ogre

Vault maps used:
D:1:      dpeg_arrival_pits, minmay_heptomino_h4
D:2:      chequers_ecumenical_altar_island, uniq_sigmund
D:3:      lemuel_round_altar, uniq_terence

Skill      XL: |  1  2  3  4 |
---------------+-------------+-----
Axes           | 3 4 5 |  5.8
Fighting       | 4 |  4.9
Armour         | 4 |  4.5
Shields        | 4 |  4.5

Action                   |  1- 3 |  4- 6 || total
-------------------------+-------+-------++-------
Melee: War axe           |   154 |    98 ||   252
  Use: Potion            |       |     3 ||     3
       Scroll            |       |     4 ||     4
  Eat: Chunk             |       |     3 ||     3
Armor: Scale mail        |    77 |    42 ||   119
Dodge: Dodged            |    54 |    25 ||    79
Block: Shield            |   103 |    50 ||   153

Table legend:
 A = Non-vault XP
 B = Vault XP
 C = Vault XP percentage of total XP
 D = Non-vault monster count
 E = Vault monster count
 F = Vault count percentage of total count
                 A         B        C        D         E       F
            +---------+---------+-------+---------+---------+-------
      Total |     161 |     281 |  63.6 |      70 |       5 |   6.7
            +---------+---------+-------+---------+---------+-------
        D:1 |      43 |       7 |  14.0 |      24 |       3 |  11.1
        D:2 |      62 |     238 |  79.3 |      27 |       1 |   3.6
        D:3 |      56 |      36 |  39.1 |      19 |       1 |   5.0
            +---------+---------+-------+---------+---------+-------
